 Dungeon Crawl Stone Soup version 0.27-a0-1347-gd8886f0a89 (webtiles) character file.

Game seed: 8979300732783902838

5166 polve the Envoy of Void (level 10, -9/80 HPs)
             Began as a Demonspawn Abyssal Knight on June 27, 2021.
             Was a High Priest of Lugonu.
             Mangled by a vampire (11 damage)
             ... on level 7 of the Dungeon.
             The game lasted 00:10:41 (11595 turns).

polve the Envoy of Void (DsAK)                     Turns: 11595, Time: 00:10:42

Health: -9/80      AC: 11    Str: 16    XL:     10   Next: 34%
Magic:  16/17      EV: 10    Int: 13    God:    Lugonu [*****.]
Gold:   399        SH:  3    Dex: 13    Spells: 9/9 levels left

rFire    + . .     SeeInvis .   a - +1 short sword
rCold    + . .     Faith    .   C - +0 buckler
rNeg     . . .     Spirit   .   i - +0 chain mail {rF+}
rPois    +         Reflect  .   (no helmet)
rElec    .         Harm     .   g - +0 cloak
rCorr    .         Rampage  .   (no gloves)
Will     .....                  (no boots)
Stlth    ..........             (no amulet)
HPRegen  0.23/turn              l - ring of protection from cold
MPRegen  0.15/turn              r - ring of poison resistance

@: no status effects
A: talons 2, repulsion field 2, ignite blood 1, spiny 1
a: Renounce Religion, Depart the Abyss, Bend Space, Banish, Corrupt, Enter the
Abyss


You were on level 7 of the Dungeon.
You worshipped Lugonu.
Lugonu was extremely pleased with you.
You visited 1 branch of the dungeon, and saw 9 of its levels.
You visited the Abyss 1 time.
You also visited: Ossuary.

You collected 399 gold pieces.

Inventory:

Hand Weapons
 a - a +1 short sword (weapon)
Missiles
 u - 2 atropa-tipped darts
 B - a throwing net
Armour
 g - a +0 cloak (worn)
 i - a +0 chain mail of fire resistance (worn)
 C - a +0 buckler (worn)
Jewellery
 l - a ring of protection from cold (left hand)
 r - a ring of poison resistance (right hand)
Wands
 n - a wand of flame (13)
 p - a wand of mindburst (8)
Scrolls
 b - a scroll of identify
 c - a scroll of enchant weapon {unknown}
 e - 2 scrolls of fear
 f - 3 scrolls of blinking
 k - a scroll of brand weapon
 m - 2 scrolls of vulnerability
 q - a scroll of silence
 v - a scroll of enchant armour
 w - 2 scrolls of noise {unknown}
 y - a scroll of amnesia {unknown}
 z - a scroll of teleportation {unknown}
 A - a scroll of summoning {unknown}
Potions
 h - a potion of curing
 j - a potion of haste
 o - a potion of degeneration {unknown}
 s - 2 potions of flight {unknown}
 t - a potion of might
 x - a potion of attraction {unknown}


   Skills:
 + Level 7.7 Fighting
 - Level 8.0 Short Blades
 - Level 6.0 Armour
 - Level 4.0 Dodging
 * Level 0.9 Shields
 - Level 10.0 Invocations


You had 9 spell levels left.
You didn't know any spells.
Your spell library contained the following spells:

 Spells                   Type           Power      Damage    Failure   Level
 Magic Dart               Conj           0%         1d3       100%        1
 Sting                    Tmut/Pois      0%         1d3       100%        1
 Blink                    Tloc           N/A        N/A       100%        2
 Call Imp                 Summ           0%         N/A       100%        2
 Poisonous Vapours        Pois/Air       0%         N/A       100%        2
 Searing Ray              Conj           0%         3d3       100%        2
 Slow                     Hex            0%         N/A       100%        2
 Conjure Flame            Conj/Fire      0%         6-21      100%        3
 Dazzling Flash           Conj/Hex       0%         N/A       100%        3
 Ignite Poison            Fire/Tmut/Pois 0%         N/A       100%        3
 Mephitic Cloud           Conj/Pois/Air  0%         N/A       100%        3
 Fulminant Prism          Conj/Hex       0%         3d6       100%        4
 Iskenderun's Mystic Bla  Conj/Tloc      0%         2d3       100%        4
 Olgreb's Toxic Radiance  Pois           0%         N/A       100%        4


Dungeon Overview and Level Annotations

Branches:
Dungeon (9/15)             Temple (0/1) D:7         Ossuary (visited)
   Lair: D:8-11         Orc: D:9-12

Altars:
Wu Jian

Annotations:
D:3 3 runed translucent doors, Mamutox's ghost, amateur MiFi; sn0wgr3's ghost, amateur GrFi
D:8 2 transporters


Innate Abilities, Weirdness & Mutations

You have razor-sharp toenails.
You are surrounded by a moderate repulsion field. (EV +3)
Your demonic aura sometimes causes spilled blood to erupt in flames.
You are partially covered in sharp spines.


Message History

Something draws strength from your injuries!
You puncture something! You claw something.
Something hits you but does no damage. Something bites you!
* * * LOW HITPOINT WARNING * * *
Something draws strength from your injuries!
You hit something. Your kick misses something.
You hit something but do no damage. Your kick misses something.
Something hits you but does no damage. Something bites you but does no damage.
You hit something but do no damage. You claw something.
You block something's attack. Something bites you.
* * * LOW HITPOINT WARNING * * *
Something draws strength from your injuries!
You hit something. Something hits you but does no damage.
Something bites you but does no damage.
You feel much better. Something hits you.
Something bites you but does no damage.
You hit something but do no damage. You claw something.
You hit something but do no damage. Your kick misses something.
Something hits you but does no damage. Something bites you!
* * * LOW HITPOINT WARNING * * *
Something draws strength from your injuries!
You barely miss something. Something hits you but does no damage.
You block something's attack.
You barely miss something. Something hits you.
* * * LOW HITPOINT WARNING * * *
Something bites you.
* * * LOW HITPOINT WARNING * * *
Something draws strength from your injuries!
Your chain mail prevents you from hitting something.
You barely miss something. You claw something. Something completely misses you.
Something bites you.
* * * LOW HITPOINT WARNING * * *
Something draws strength from your injuries!
You closely miss something. Something hits you.
* * * LOW HITPOINT WARNING * * *
Something bites you but does no damage. Space bends around you!
You blink.
Something hits you!
* * * LOW HITPOINT WARNING * * *
Something bites you!
You die...

#....##..............
##........#..........
#.##...###..........
#####...###...(.(#..
#.....#)...).(#..
###................
##ยง..##............)
###.{..####...........
#....@####............
###.#####.............
#...####.............<
##....................
#....................
##...................
##.............#....
#....#........##..#
#...####......#...#


There were no monsters in sight!

Vanquished Creatures
  Joseph (D:8)
  A hornet (D:8)
  9 yaks
  A wyvern (D:6)
  2 water moccasins (D:6)
  An acid dragon (D:8)
  2 black bears (D:4)
  2 orc warriors
  4 ogres
  2 centaurs (D:8)
  2 kobold brigands
  2 bullfrogs
  A water moccasin zombie (D:7)
  2 wyvern zombies (D:8)
  A wyvern skeleton (D:6)
  4 killer bees (D:7)
  3 wights (D:7)
  2 howler monkeys (D:9)
  2 centaur zombies
  A bullfrog zombie (D:7)
  A human zombie (Ossuary)
  3 orc priests
  4 hounds
  A centaur skeleton (D:5)
  A jelly (D:5)
  A gnoll shaman (D:8)
  7 iguanas
  6 orc wizards
  A killer bee zombie (D:6)
  A hound zombie (D:5)
  A hound skeleton (D:2)
  2 mummies (Ossuary)
  3 adders
  4 gnolls
  4 river rats (D:5)
  A shadow imp (D:5)
  4 adder zombies
  An adder skeleton (D:2)
  A worm (D:5)
  3 dart slugs
  31 orcs
  8 bats
  2 bat skeletons (D:2)
  11 endoplasms
  A giant cockroach (D:2)
  9 goblins
  9 hobgoblins
  10 jackals
  6 quokkas
  7 ball pythons
  2 ball python zombies (D:2)
  2 frilled lizards
  2 goblin zombies (Ossuary)
  12 hobgoblin zombies (Ossuary)
  3 jackal zombies (Ossuary)
  10 kobolds
  9 kobold zombies (Ossuary)
  8 orc zombies (Ossuary)
  8 rats
245 creatures vanquished.

Vanquished Creatures (others)
  3 plants (D:5)
  7 withered plants
10 creatures vanquished.

Grand Total: 255 creatures vanquished

Notes
Turn   | Place    | Note
-------+----------+-------------------------------------------
     0 | Abyss:1  | polve the Demonspawn Abyssal Knight began the quest for the
                  | Orb.
     0 | Abyss:1  | Reached XP level 1. HP: 18/18 MP: 2/2
    70 | Abyss:1  | Noticed a large abomination
    83 | Abyss:1  | Noticed a ynoxinul
    88 | D:1      | Escaped the Abyss
   242 | D:1      | Gained mutation: You have sharp toenails. [demonic
                  | ancestry]
   242 | D:1      | Reached XP level 2. HP: 21/24 MP: 3/3
   297 | D:1      | Reached * piety under Lugonu
   496 | D:1      | Found a faded altar of an unknown god.
   937 | D:1      | Gained mutation: You are surrounded by a mild repulsion
                  | field. (EV +2) [demonic ancestry]
   937 | D:1      | Reached XP level 3. HP: 18/29 MP: 4/4
  1553 | D:2      | Reached ** piety under Lugonu
  1554 | D:2      | Reached skill level 1 in Dodging
  1554 | D:2      | Reached XP level 4. HP: 28/35 MP: 5/5
  2500 | D:3      | Gained mutation: You are surrounded by a moderate repulsion
                  | field. (EV +3) [demonic ancestry]
  2500 | D:3      | Reached XP level 5. HP: 40/41 MP: 6/6
  3005 | D:3      | Found a runed translucent gate.
  3007 | D:3      | Found a runed translucent gate.
  3009 | D:3      | Found a runed translucent gate.
  3009 | D:3      | Noticed Mamutox's ghost (amateur MiFi)
  3009 | D:3      | Noticed sn0wgr3's ghost (amateur GrFi)
  3388 | D:4      | Noticed a black bear
  3401 | D:4      | Killed a black bear
  3402 | D:4      | Reached skill level 5 in Fighting
  3402 | D:4      | Gained mutation: You are partially covered in sharp spines.
                  | [demonic ancestry]
  3402 | D:4      | Reached XP level 6. HP: 51/51 MP: 7/7
  3538 | D:4      | Found an ornate altar of the Wu Jian Council.
  4105 | D:4      | Reached *** piety under Lugonu
  4312 | D:5      | Entered Level 5 of the Dungeon
  4350 | D:5      | Gained mutation: You have razor-sharp toenails. [demonic
                  | ancestry]
  4350 | D:5      | Reached XP level 7. HP: 57/58 MP: 8/8
  4421 | D:5      | Reached skill level 5 in Short Blades
  4944 | D:5      | Found a sand-covered staircase.
  4961 | Ossuary  | Entered an ossuary
  5114 | Ossuary  | Reached **** piety under Lugonu
  5669 | D:5      | Reached XP level 8. HP: 64/64 MP: 9/9
  6704 | D:6      | Reached ***** piety under Lugonu
  6712 | D:6      | Reached skill level 5 in Armour
  7036 | D:7      | Gained mutation: Your demonic aura sometimes causes spilled
                  | blood to erupt in flames. [demonic ancestry]
  7036 | D:7      | Reached XP level 9. HP: 23/69 MP: 10/10
  7319 | D:7      | Reached skill level 3 in Invocations
  7401 | D:7      | Reached skill level 4 in Invocations
  7492 | D:7      | Reached skill level 5 in Invocations
  7558 | D:7      | Reached skill level 6 in Invocations
  7854 | D:7      | Reached skill level 7 in Invocations
  8189 | D:7      | Found a staircase to the Ecumenical Temple.
  8270 | D:8      | Found a transporter.
  8270 | D:8      | Found a transporter.
  8270 | D:8      | Noticed a kobold demonologist
  8695 | D:7      | Reached skill level 8 in Invocations
  8814 | D:7      | Reached skill level 9 in Invocations
  8825 | D:7      | Reached skill level 10 in Invocations
  9202 | D:8      | Reached XP level 10. HP: 38/76 MP: 17/17
  9422 | D:8      | Noticed Joseph
  9447 | D:8      | Killed Joseph
 11595 | D:7      | HP: 2/80 [something (7)]
 11595 | D:7      | Mangled by a vampire

Illustrated notes

Levels and vault maps discovered:
D:1:      heliophobic_arrival_glass_houses, layout_basic,
          hellmonk_ecumenical_altar_slurped_away
D:2:      layout_loops_cross, serial_undead, serial_undead_c, serial_undead_c,
          serial_undead_c, serial_undead_f, serial_undead_c, serial_undead_c,
          serial_undead_f, serial_undead_a, hangedman_decor_push,
          minmay_quadrilaterals
D:3:      layout_loops_ring, gammafunk_ghost_cemetery
D:4:      layout_basic, nicolae_overflow_crystal_walls, minivault_5
D:5:      wad_woods_tower, layout_basic, lightli_ossuary_entry_decrepit_ruins
D:6:      layout_basic
D:7:      layout_cave_pools, temple_green
D:8:      gammafunk_wand_slinger, layout_cave_pods, uniq_joseph
D:9:      layout_cross, lair_entry_dummy, hiddenorc2_lemuel

Skill      XL: |  1  2  3  4  5  6  7  8  9 10 |
---------------+-------------------------------+-----
Short Blades   | 2 3 4 7 8 |  8.0
Dodging        | 1 2 3 4 |  4.0
Armour         | 2 5 6 |  6.0
Fighting       | 5 6 7 |  7.7
Invocations    | 10 | 10.0
Shields        | |  0.9

Action                   |  1- 3 |  4- 6 |  7- 9 | 10-12 || total
-------------------------+-------+-------+-------+-------++-------
Melee: Short sword       |   149 |   163 |   424 |   154 ||   890
       Kick              |    23 |    44 |   149 |    46 ||   262
       Unarmed           |       |     9 |       |       ||     9
Invok: Depart the Abyss  |     1 |       |       |       ||     1
       Bend Space        |       |       |     1 |     1 ||     2
  Use: Potion            |       |     1 |     8 |     7 ||    16
       Scroll            |       |       |     8 |       ||     8
 Stab: Sleeping          |       |     1 |       |       ||     1
Armor: Leather armour    |    46 |    29 |    20 |       ||    95
       Skin              |       |    22 |       |       ||    22
       Chain mail        |       |       |    63 |    82 ||   145
       Plate armour      |       |       |     3 |       ||     3
Dodge: Dodged            |   114 |    90 |   197 |    65 ||   466
Block: Buckler           |       |       |       |    10 ||    10

Table legend: (Time is in decaauts)
 A = Elapsed time spent in this place.
 B = Non-inter-level travel time spent in this place.
 C = Inter-level travel time spent in this place.
 D = Time resting spent in this place.
 E = Time spent auto-exploring this place.
 F = Levels seen in this place.
 G = Mean time per level.
                   A        B        C        D        E       F      G
               +--------+--------+--------+--------+--------+-----+--------+
         Total |  11426 |  11151 |    275 |     24 |   9502 |  11 | 1038.7 |
       Dungeon |  11017 |  10742 |    275 |     24 |   9224 |   9 | 1224.1 |
         Abyss |     88 |     88 |      0 |      0 |     77 |   1 |   88.0 |
       Ossuary |    321 |    321 |      0 |      0 |    201 |   1 |  321.0 |
               +--------+--------+--------+--------+--------+-----+--------+

Top non-repeatable levels by time:
     D:7: 2208 daAuts
     D:6: 1800 daAuts
     D:8: 1499 daAuts
     D:5: 1293 daAuts
     D:2: 1277 daAuts
     D:4: 1106 daAuts
     D:1: 1083 daAuts
     D:3: 729 daAuts
 Ossuary: 321 daAuts
 Abyss:1: 88 daAuts
     D:9: 19 daAuts
